 Dungeon Crawl Stone Soup version 0.22.0 (webtiles) character file.

2035 CyclopB the Basher (level 9, 0/79 HPs)
             Began as a Troll Gladiator on Dec 12, 2018.
             Slain by an orc warrior
             ... wielding a +0 halberd
              (20 damage)
             ... while paralysed
             ... on level 6 of the Dungeon.
             The game lasted 01:09:51 (6344 turns).

CyclopB the Basher (Troll Gladiator)                Turns: 6344, Time: 01:09:52

Health: 0/79       AC:  6    Str: 27    XL:     9   Next: 4%
Magic:  8/8        EV:  1    Int:  4    God:
Gold:   353        SH:  0    Dex: 11    Spells: 7/8 levels left

rFire    . . .     SeeInvis .   a - +0 flail
rCold    . . .     Gourm    +   (no shield)
rNeg     . . .     Faith    .   b - +0 robe
rPois    .         Spirit   .   c - +1 hat
rElec    .         Reflect  .   (no cloak)
rCorr    +         Harm     .   (gloves unavailable)
MR       .....                  (boots unavailable)
Stlth    +.........             (no amulet)
HPRegen  0.63/turn              i - +3 ring of evasion
MPRegen  0.11/turn              x - ring of resist corrosion

@: paralysed, fainting
A: large, unfitting armour, claws 3, fast metabolism 3, gourmand, regeneration
1, shaggy fur 1, tough skin 2
a: no special abilities


You were on level 6 of the Dungeon.
You were fainting.

You visited 2 branches of the dungeon, and saw 9 of its levels.

You collected 353 gold pieces.

Inventory:

Hand Weapons
 a - a +0 flail (weapon)
 s - a +0 giant club
Missiles
 d - 2 throwing nets
 g - 199 stones (quivered)
 z - 12 tomahawks
Armour
 b - a +0 robe (worn)
 c - a +1 hat (worn)
Jewellery
 i - a +3 ring of evasion (left claw)
 x - a ring of resist corrosion (right claw)
Wands
 y - a wand of iceblast (4)
Scrolls
 e - 2 scrolls of enchant armour
 j - 2 scrolls of amnesia {unknown}
 k - 4 scrolls of identify
 l - 2 scrolls of remove curse {unknown}
 m - a scroll of teleportation
 n - 2 scrolls of immolation
 p - a scroll of fog {unknown}
 q - a scroll of noise {unknown}
 r - a scroll of blinking {unknown}
 B - a scroll of vulnerability {unknown}
Potions
 h - a potion of magic {unknown}
 o - 2 potions of lignification
 t - 2 potions of invisibility
 u - a potion of curing
 v - a potion of heal wounds {unknown}
 w - a potion of degeneration {unknown}
 A - a potion of flight {unknown}
Comestibles
 f - 16 rations


   Skills:
 - Level 2.2 Fighting
 + Level 10.9 Maces & Flails
 - Level 1.7 Throwing
 - Level 2.4 Dodging


You had 7 spell levels left.
You knew the following spells:

 Your Spells              Type           Power        Failure   Level  Hunger
a - Animate Skeleton      Necr           N/A          50%         1    ##.....

Your spell library contained the following spells:

 Spells                   Type           Power        Failure   Level  Hunger
 Apportation              Tloc           #.....       50%         1    ##.....
 Summon Small Mammal      Summ           #...         50%         1    ##.....
 Confusing Touch          Hex            #.....       50%         1    ##.....


Dungeon Overview and Level Annotations

Branches:
Dungeon (8/15)             Temple (1/1) D:5
   Lair: D:8-11

Altars:
Ashenzari
Dithmenos
Elyvilon
Fedhas
Hepliaklqana
Kikubaaqudgha
Makhleb
Nemelex Xobeh
Okawaru
Qazlal
Ru
Sif Muna
Vehumet
Xom
Yredelemnul
Zin

Annotations:
D:6 exclusion: oklob plant


Innate Abilities, Weirdness & Mutations

You are too large for most types of armour.
You have claws for hands.
Your metabolism is lightning-fast.
You like to eat raw meat.
Your natural rate of healing is unusually fast.
You are covered in fur. (AC +1)
You have very tough skin. (AC +2)


Message History

The orc warrior hits you with a halberd!!
You closely miss the orc warrior. The orc warrior closely misses you.
You are fainting from starvation!
You hit the orc warrior but do no damage.
You barely miss the orc warrior. The orc warrior misses you.
You hit the orc warrior but do no damage.
The orc warrior closely misses you.
You hit the orc warrior.
The orc warrior is lightly wounded.
The orc warrior hits you with a halberd!
The orc warrior hits you from afar with a halberd!!
There is a stone staircase leading down, spattered with blood here.
You lose consciousness!
The orc warrior hits you from afar with a halberd.
The orc warrior hits you from afar with a halberd.
The orc warrior hits you from afar with a halberd!!
* * * LOW HITPOINT WARNING * * *
The orc warrior hits you but does no damage.
The orc warrior hits you from afar with a halberd!!
You die...

#...###........
#..............
#...###......#.
####...# #......#.
#......# #........
#......# #........
#......###........
#..........##.....
#@.o...#####......
#............#....
#......#..####....
#......#..........
########..####....
#.## ###.. #.# ##.
#.# ## #.#


You could see an orc warrior.

Vanquished Creatures
  A yak (D:8)
  A hungry ghost (D:6)
  An ice beast (D:5)
  A phantom (D:6)
  2 ogres (D:6)
  A sky beast (D:5)
  2 centaurs
  2 bullfrogs
  2 scorpions
  2 howler monkeys (D:5)
  A crimson imp (D:6)
  4 jellies
  2 orc priests (D:5)
  3 hounds
  6 orc wizards
  A centaur skeleton (D:4)
  Ijyb (D:3)
  An iguana (D:4)
  5 worker ants
  5 adders
  4 gnolls (D:4)
  2 shadow imps (D:5)
  3 oozes
  2 adder skeletons
  A worm (D:2)
  A dart slug (D:2)
  4 leopard geckos
  22 orcs
  A ball python (D:2)
  5 giant cockroaches
  7 goblins
  4 hobgoblins
  13 jackals
  3 quokkas
  3 bats
  3 frilled lizards
  A jackal skeleton (D:4)
  5 kobolds
  2 quokka skeletons
  8 rats
138 creatures vanquished.

Notes
Turn   | Place    | Note
-------+----------+-------------------------------------------
     0 | D:1      | CyclopB the Troll Gladiator began the quest for the Orb.
     0 | D:1      | Reached XP level 1. HP: 19/19 MP: 0/0
   173 | D:1      | Reached skill level 3 in Maces & Flails
   328 | D:1      | Reached XP level 2. HP: 26/27 MP: 1/1
   713 | D:2      | Reached XP level 3. HP: 33/33 MP: 2/2
   793 | D:2      | Reached skill level 4 in Maces & Flails
  1236 | D:2      | Found a radiant altar of Vehumet.
  1240 | D:2      | Found an ancient bone altar of Kikubaaqudgha.
  1242 | D:2      | Found a deep blue altar of Sif Muna.
  1275 | D:2      | Identified Kikubaaqudgha's Disquisition on Sinister Rituals
  1673 | D:3      | Reached XP level 4. HP: 41/41 MP: 3/3
  1814 | D:2      | Reached skill level 5 in Maces & Flails
  1918 | D:3      | Learned a level 1 spell: Animate Skeleton
  1951 | D:3      | Found a faded altar of an unknown god.
  2035 | D:3      | Reached XP level 5. HP: 29/48 MP: 4/4
  2088 | D:4      | Noticed Ijyb
  2105 | D:3      | Killed Ijyb
  2226 | D:4      | Reached skill level 6 in Maces & Flails
  2362 | D:3      | Reached XP level 6. HP: 55/55 MP: 5/5
  2516 | D:5      | Entered Level 5 of the Dungeon
  2890 | D:4      | Reached skill level 7 in Maces & Flails
  3000 | D:5      | Noticed a sky beast
  3224 | D:5      | Killed a sky beast
  3224 | D:5      | Reached XP level 7. HP: 62/62 MP: 6/6
  3327 | D:5      | Found a blossoming altar of Fedhas.
  3512 | D:5      | Found a staircase to the Ecumenical Temple.
  3519 | Temple   | Entered the Ecumenical Temple
  4087 | D:5      | Reached skill level 8 in Maces & Flails
  4621 | D:6      | Reached XP level 8. HP: 69/72 MP: 7/7
  4726 | D:5      | Reached skill level 9 in Maces & Flails
  4956 | D:6      | Found a basalt altar of Yredelemnul.
  5157 | D:6      | Reached skill level 10 in Maces & Flails
  5254 | D:6      | Noticed an oklob plant
  5626 | D:7      | Found a hazy altar of Hepliaklqana.
  5966 | D:6      | Reached XP level 9. HP: 76/79 MP: 8/8
  6338 | D:6      | Paralysed by fainting for 9 turns
  6344 | D:6      | Slain by an orc warrior

Skill      XL: |  1  2  3  4  5  6  7  8 |
---------------+-------------------------+-----
Maces & Flails | 3 4 5 6 7 8 10 | 10.9
Fighting       | 2 |  2.2
Throwing       | |  1.7
Dodging        | |  2.4

Action                   |  1- 3 |  4- 6 |  7- 9 || total
-------------------------+-------+-------+-------++-------
Melee: Flail             |   142 |   191 |   322 ||   655
Throw: Stone             |       |    32 |   106 ||   138
       Throwing net      |       |     1 |     2 ||     3
 Cast: Animate Skeleton  |       |       |     2 ||     2
  Use: Scroll            |     2 |     2 |     2 ||     6
       Potion            |       |     3 |     1 ||     4
 Stab: Sleeping          |     1 |       |       ||     1
  Eat: Chunk             |    21 |    14 |    23 ||    58
       Ration            |       |       |     1 ||     1
Armor: Robe              |    56 |    42 |    56 ||   154
       Skin              |       |     6 |       ||     6
Dodge: Dodged            |    70 |   160 |   157 ||   387
